 Dungeon Crawl Stone Soup version 0.28-b1-25-g9875b3fc8c (webtiles) character file.

Game seed: 2488927044055424059

20 sanka the Sneak (level 2, 0/16 HPs)
             Began as a Tengu Enchanter on Feb 5, 2022.
             Succumbed to an adder's poison
             ... on level 2 of the Dungeon.
             The game lasted 00:00:44 (1186 turns).

sanka the Sneak (Tengu Enchanter)                   Turns: 1186, Time: 00:00:45

Health: 0/16       AC:  2    Str:  8    XL:     2   Next: 79%
Magic:  6/6        EV: 13    Int: 15    God:
Gold:   27         SH:  0    Dex: 14    Spells: 5/5 levels left

rFire   . . .      SeeInvis .   a - +1 dagger
rCold   . . .      Faith    .   (no shield)
rNeg    . . .      Spirit   .   b - +0 robe
rPois   .          Reflect  .   (helmet restricted)
rElec   .          Harm     .   (no cloak)
rCorr   .          Rampage  .   (no gloves)
Will    .....                   (boots unavailable)
Stlth   ++........              (no amulet)
HPRegen 0.05/turn               (no ring)
MPRegen 0.10/turn               (no ring)

@: lethally poisoned (0 -> -7)
A: beak, talons 3
a: no special abilities


You were on level 2 of the Dungeon.
You visited 1 branch of the dungeon, and saw 2 of its levels.

You collected 27 gold pieces.

Inventory:

Hand Weapons
 a - a +1 dagger (weapon)
Armour
 b - a +0 robe (worn)
Jewellery
 i - a ring of magical power
Scrolls
 d - a scroll of summoning {unknown}
 e - a scroll of identify {unknown}
 f - a scroll of magic mapping {unknown}
Potions
 c - a potion of invisibility
 g - a potion of might {unknown}
 h - a potion of attraction {unknown}


   Skills:
 + Level 1.5 Fighting
 - Level 1.1 Short Blades
 + Level 3.0 Dodging
 - Level 3.0 Stealth
 - Level 2.0 Spellcasting
 - Level 2.1 Hexes


You had 5 spell levels left.
You didn't know any spells.
Your spell library contained the following spells:

 Spells                   Type           Power      Damage    Failure   Level
 Magic Dart               Conj           4%         1d3       22%         1
 Ensorcelled Hibernation  Hex/Ice        8%         N/A       22%         2
 Confusing Touch          Hex            8%         N/A       26%         3
 Tukima's Dance           Hex            8%         N/A       26%         3
 Searing Ray              Conj           2%         2d4       32%         2
 Dazzling Flash           Conj/Hex       8%         N/A       38%         3
 Fulminant Prism          Conj/Hex       2%         3d6       80%         4


Dungeon Overview and Level Annotations

Branches:
Dungeon (2/15)

Altars:
Beogh


Innate Abilities, Weirdness & Mutations

You have a beak for a mouth.
You have claws for feet.


Message History

You peck the jackal, but do no damage.
The jackal is severely wounded.
The jackal misses you. The jackal bites you.
You barely miss the jackal. Your kick misses the jackal.
The jackal is severely wounded.
The jackal barely misses you.
You closely miss the jackal. You claw the jackal, but do no damage.
Your peck misses the jackal.
The jackal is severely wounded.
The jackal closely misses you.
You hit the jackal but do no damage. Your kick misses the jackal.
You peck the jackal.
You kill the jackal!
You hit the jackal. Your kick misses the jackal. You peck the jackal.
You kill the jackal!
You hit the jackal but do no damage. You peck the jackal.
The jackal is moderately wounded.
The jackal barely misses you.
You miss the jackal. You claw the jackal.
You kill the jackal!
Your Dodging skill increases to level 3!
You hit the adder. Your kick misses the adder.
The adder is lightly wounded.
The adder bites you.
You are poisoned.
The adder poisons you!
You hit the adder. Your peck misses the adder.
The adder is heavily wounded.
You feel sick. The adder bites you.
You are more poisoned.
The adder poisons you!
You miss the adder. Your kick misses the adder. Your punch misses the adder.
The adder is heavily wounded.
* * * LOW HITPOINT WARNING * * *
You feel sick. The adder bites you.
* * * LOW HITPOINT WARNING * * *
The adder bites you but does no damage.
You closely miss the adder. You claw the adder. Your peck misses the adder.
The adder is heavily wounded.
You die...

#........ ######...####
#.. .... #............
#....... #.####.######
... ... #.####.####.#
.w...# #...........#
#.#.############.####.#
#.†..........# #.# #.#
#.########.###.####.#
#.......S@..........#
#####################


You could see an adder.

Vanquished Creatures
  A dart slug (D:1)
  An endoplasm (D:2)
  2 giant cockroaches (D:1)
  A goblin (D:1)
  2 hobgoblins (D:1)
  4 jackals (D:2)
  A quokka (D:1)
  A ball python (D:1)
  A frilled lizard (D:1)
  A rat (D:1)
15 creatures vanquished.

Notes
Turn   | Place    | Note
-------+----------+-------------------------------------------
     0 | D:1      | sanka the Tengu Enchanter began the quest for the Orb.
     0 | D:1      | Reached XP level 1. HP: 10/10 MP: 4/4
   582 | D:1      | Reached skill level 1 in Fighting
   582 | D:1      | Reached XP level 2. HP: 16/16 MP: 6/6
   836 | D:1      | Found a faded altar of an unknown god.
  1186 | D:2      | Succumbed to an adder's poison

Illustrated notes

Levels and vault maps discovered:
D:1:      amcnicky_arrival_wind_blow, layout_basic, serial_corexii_hall,
          chequers_hall_statues_corner_a, corexii_hall_statues_t,
          hellmonk_ecumenical_altar_defaced_shrine
D:2:      minmay_chambers_of_twos, layout_loops_ring, uniq_robin

Skill      XL: |  1  2 |
---------------+-------+-----
Fighting       | 1 |  1.5
Dodging        | 3 |  3.0
Short Blades   | |  1.1
Stealth        | |  3.0
Spellcasting   | |  2.0
Hexes          | |  2.1

Action                   || total
-------------------------++-------
Melee: Dagger            ||    47
       Kick              ||    19
       Peck              ||     8
 Stab: Sleeping          ||     1
Armor: Robe              ||     2
Dodge: Dodged            ||    25
